 Dungeon Crawl Stone Soup version 0.23.1 (webtiles) character file.

Game seed: 5119163182243148594

121 Sandy the Magician (level 5, -17/37 HPs)
             Began as a Human Wanderer on Mar 7, 2019.
             Demolished by an ogre
             ... wielding a +0 giant club
              (26 damage)
             ... on level 3 of the Dungeon.
             The game lasted 00:15:03 (2728 turns).

Sandy the Magician (Human Wanderer)                 Turns: 2728, Time: 00:15:06

Health: -17/37     AC:  5    Str: 10    XL:     5   Next: 26%
Magic:  5/11       EV: 11    Int: 16    God:
Gold:   101        SH:  0    Dex: 12    Spells: 11/12 levels left

rFire    . . .     SeeInvis .   p - +3 quarterstaff (chaos)
rCold    . . .     Gourm    .   (shield currently unavailable)
rNeg     . . .     Faith    .   d - +0 robe
rPois    +         Spirit   .   (no helmet)
rElec    .         Reflect  .   t - +2 cloak {rPois}
rCorr    .         Harm     .   (no gloves)
MR       .....                  (no boots)
Stlth    +.........             (no amulet)
HPRegen  0.12/turn              (no ring)
MPRegen  0.12/turn              (no ring)

@: no status effects
A: no striking features
a: no special abilities


You were on level 3 of the Dungeon.
You were not hungry.

You visited 1 branch of the dungeon, and saw 3 of its levels.

You collected 101 gold pieces.

Inventory:

Hand Weapons
 e - a +0 dagger
 h - a +2 dagger of venom
 p - a +3 quarterstaff of chaos (weapon)
 v - a +0 falchion
 w - a +2 short sword of venom
Missiles
 j - 39 stones (quivered)
Armour
 c - a +1 buckler
 d - a +0 robe (worn)
 t - a +2 cloak of poison resistance (worn)
Jewellery
 i - an uncursed ring of protection from fire
Scrolls
 a - a scroll of magic mapping {unknown}
 b - a scroll of fog {unknown}
 g - 4 scrolls of identify {unknown}
 k - 2 scrolls of remove curse {unknown}
 q - a scroll of teleportation
 r - a scroll of blinking
Potions
 l - 2 potions of agility {unknown}
 m - a potion of flight {unknown}
 n - 2 potions of curing {unknown}
 o - 2 potions of brilliance {unknown}
 s - a potion of haste {unknown}
 u - a potion of berserk rage {unknown}
Comestibles
 f - 3 rations
 x - 2 chunks of flesh


   Skills:
 - Level 1.0 Fighting
   Level 1.0 Polearms
 - Level 1.0 Dodging
 - Level 3.2 Shields
 + Level 4.0 Spellcasting
 * Level 0.1 Conjurations
 - Level 3.0 Air Magic


You had 11 spell levels left.
You knew the following spells:

 Your Spells              Type           Power        Failure   Level  Hunger
a - Shock                 Conj/Air       #...         9%          1    None

Your spell library contained the following spells:

 Spells                   Type           Power        Failure   Level  Hunger
 Swiftness                Chrm/Air       #.......     14%         2    ##.....
 Passwall                 Tmut/Erth      #.......     26%         2    ##.....
 Sticks to Snakes         Tmut           #.......     26%         2    ##.....
 Static Discharge         Conj/Air       #.......     26%         3    ###....
 Airstrike                Air            ##........   43%         4    ####...
 Lightning Bolt           Conj/Air       #.........   94%         5    ######.


Dungeon Overview and Level Annotations

Branches:
Dungeon (3/15)

Altars:
Ashenzari
Kikubaaqudgha
Nemelex Xobeh
Ru
Trog
Xom


Message History

Confirm with . or Enter, or press ? or * to list all spells.
Aiming: Shock (safe; 9% risk of failure)
Press: ? - help, Shift-Dir - straight line The zap hits the ogre.
The ogre is severely wounded.
The zap misses the ogre.
The ogre hits you with a +0 giant club!!
Ouch! That really hurt!
* * * LOW HITPOINT WARNING * * *
Casting: Shock (safe; 9% risk of failure)
Confirm with . or Enter, or press ? or * to list all spells.
Aiming: Shock (safe; 9% risk of failure)
Press: ? - help, Shift-Dir - straight line The zap hits the ogre.
The ogre is severely wounded.
The zap hits the ogre.
The ogre is almost dead.
The ogre hits you with a +0 giant club!!
Ouch! That really hurt!
You die...

.#..###.#####.#####
##<.....##........#
##.####.##.)......#
...# #.........#.#
####....#####.##..#
#....# #.###.#
#....# #....#
#.^..# #....#
#.[..# #..O@#
####.......###.#
#......## ## ###.#
#? #.


You could see an ogre.

Vanquished Creatures
  Crazy Yiuf (D:2)
  Terence (D:2)
  An adder (D:2)
  2 oozes (D:1)
  A worm (D:3)
  2 leopard geckos (D:1)
  9 bats
  4 giant cockroaches
  4 goblins
  A hobgoblin (D:1)
  A quokka (D:2)
  A ball python (D:2)
  3 frilled lizards
  7 kobolds
  10 rats
48 creatures vanquished.

Notes
Turn   | Place    | Note
-------+----------+-------------------------------------------
     0 | D:1      | Sandy the Human Wanderer began the quest for the Orb.
     0 | D:1      | Sandy set off with the following items: a +0 buckler, a +0
                  | robe, a +0 dagger, a ration; and the following spell
                  | memorised: Shock; and the following spells available to
                  | memorise: Swiftness, Passwall, Sticks to Snakes, Static
                  | Discharge, Airstrike, Lightning Bolt
     0 | D:1      | Reached XP level 1. HP: 15/15 MP: 3/3
    93 | D:1      | Reached XP level 2. HP: 21/21 MP: 0/5
   148 | D:1      | Found an ancient bone altar of Kikubaaqudgha.
   262 | D:2      | Found a shattered altar of Ashenzari.
   311 | D:2      | Reached XP level 3. HP: 18/26 MP: 2/7
   618 | D:1      | Reached skill level 3 in Spellcasting
   929 | D:1      | Reached XP level 4. HP: 32/32 MP: 8/8
  1236 | D:2      | Found a shimmering altar of Xom.
  1423 | D:2      | Found a sacrificial altar of Ru.
  1459 | D:2      | Found a sparkling altar of Nemelex Xobeh.
  1493 | D:2      | Noticed Terence
  1515 | D:2      | Killed Terence
  1876 | D:2      | Found a runed translucent door.
  1877 | D:2      | Noticed Crazy Yiuf
  2050 | D:2      | Killed Crazy Yiuf
  2050 | D:2      | Reached XP level 5. HP: 6/37 MP: 2/10
  2335 | D:3      | Noticed a moth of wrath
  2351 | D:3      | Reached skill level 4 in Spellcasting
  2417 | D:3      | Found a bloodstained altar of Trog.
  2720 | D:3      | Noticed an ogre
  2728 | D:3      | Demolished by an ogre

Skill      XL: |  1  2  3  4  5 |
---------------+----------------+-----
Spellcasting   | 3 4 |  4.0
Shields        | 3 |  3.2
Fighting       | |  1.0
Polearms       | |  1.0
Dodging        | |  1.0
Conjurations   | |  0.1
Air Magic      | |  3.0

Action                   |  1- 3 |  4- 6 || total
-------------------------+-------+-------++-------
Melee: Dagger            |    48 |    27 ||    75
       Quarterstaff      |       |     4 ||     4
 Cast: Shock             |    31 |    38 ||    69
  Use: Scroll            |       |     3 ||     3
 Stab: Sleeping          |       |     1 ||     1
  Eat: Chunk             |       |     3 ||     3
       Ration            |       |     1 ||     1
Armor: Robe              |    23 |    10 ||    33
Dodge: Dodged            |    35 |    24 ||    59
Block: Buckler           |     5 |    10 ||    15
